 Dungeon Crawl Stone Soup version 0.25-a0-435-g4b9beb1024 (webtiles) character file.

Game seed: 13083260920256705330, levelgen mode: deterministic

364 kae the Grappler (level 6, -3/47 (48) HPs)
             Began as a Ghoul Gladiator on Jan 29, 2020.
             Slain by an orc
             ... wielding a +0 flail
              (7 damage)
             ... on level 5 of the Dungeon.
             The game lasted 00:02:30 (2732 turns).

kae the Grappler (Ghoul Gladiator)                  Turns: 2732, Time: 00:02:30

HP:   -3/47 (48)    AC:  7    Str: 25    XL:     6   Next: 67%
MP:   5/5           EV: 12    Int:  3    God:
Gold: 222           SH:  0    Dex: 12    Spells: 5/5 levels left

rFire    . . .     SeeInvis .     - Unarmed
rCold    + . .     Gourm    .   (no shield)
rNeg     + + +     Faith    .   a - +0 leather armour
rPois    ∞         Spirit   .   b - +0 helmet
rElec    .         Reflect  .   j - +2 cloak
rCorr    .         Harm     .   (no gloves)
MR       .....                  (no boots)
Stlth    +.........             (no amulet)
HPRegen  0.00/turn              o - +5 ring of strength
MPRegen  0.09/turn              m - +2 ring of strength (curse)

@: rotting
A: rotting body, claws 1, carnivore, cold resistance 1, negative energy
resistance 3, inhibited regeneration, torment resistance, unbreathing
a: no special abilities


You were on level 5 of the Dungeon.
You were not hungry.

You visited 1 branch of the dungeon, and saw 5 of its levels.

You collected 246 gold pieces.
You spent 24 gold pieces at shops.

Inventory:

Missiles
 c - 3 throwing nets (quivered)
Armour
 a - a +0 leather armour (worn)
 b - a +0 helmet (worn)
 j - a +2 cloak (worn)
Jewellery
 m - a cursed +2 ring of strength (right claw)
 o - a +5 ring of strength (left claw)
Wands
 p - a wand of flame (14)
Scrolls
 e - 4 scrolls of remove curse
Potions
 g - 3 potions of heal wounds
 h - 3 potions of might
 i - a potion of agility
 n - a potion of mutation {unknown}
 q - a potion of berserk rage {unknown}
 r - a potion of haste {unknown}
 s - 2 potions of curing {unknown}
Comestibles
 d - 10 rations


   Skills:
 - Level 2.1 Fighting
 - Level 1.7 Throwing
 - Level 2.6 Dodging
 + Level 8.0 Unarmed Combat


You had 5 spell levels left.
You didn't know any spells.
Your spell library was empty.

Dungeon Overview and Level Annotations

Branches:
Dungeon (5/15)
 Temple: D:4-7

Altars:
Ashenzari
Fedhas
Gozag
Zin

Shops:
D:4 ?


Innate Abilities, Weirdness & Mutations

Your body is rotting away.
You thrive on raw meat.
You are immune to poison.
You have sharp fingernails.
You are carnivorous and can eat meat at any time.
Your flesh is cold resistant. (rC+)
You are immune to negative energy. (rN+++)
You do not regenerate when monsters are visible.
You are immune to unholy pain and torment.
You can survive without breathing.


Message History

The worker ant is severely wounded.
The howler monkey hits you but does no damage.
The giant cockroach barely misses you. The worker ant bites you.
* * * LOW HITPOINT WARNING * * *
You barely miss the worker ant.
The worker ant is severely wounded.
The howler monkey barely misses you. The worker ant bites you.
* * * LOW HITPOINT WARNING * * *
The giant cockroach bites you but does no damage.
You claw the worker ant!
You kill the worker ant!
Your Unarmed Combat skill increases to level 8!
The howler monkey closely misses you.
The quokka skeleton bites you but does no damage.
The giant cockroach bites you but does no damage.
The howler monkey hits you.
* * * LOW HITPOINT WARNING * * *
The howler monkey hoots and howls with incredible vigour!
The orc hits you with a +0 flail!
You die...

.. ##. .. #..
####.##.###+#####
...♣.♣..........###.#..
....♣...o..............
........s@.....<#
.......)Z♣......#
.......h.♣♣.....#
................#
.......(......######
..####..(.....#..... .
##.(...(...(....
#..(...♣#......
#(..(.♣........


You could see a howler monkey, an orc, a giant cockroach and a quokka skeleton.

Vanquished Creatures
  A centaur (D:5)
  3 orc priests
  2 worker ants
  6 adders
  An ooze (D:2)
  3 worms (D:2)
  A dart slug (D:3)
  3 leopard geckos
  6 orcs
  3 ball pythons
  4 bats
  2 giant cockroaches
  9 goblins
  2 hobgoblins
  11 jackals
  A quokka (D:2)
  6 frilled lizards
  7 kobolds
  A quokka skeleton (D:4)
  8 rats
80 creatures vanquished.

Notes
Turn   | Place    | Note
-------+----------+-------------------------------------------
     0 | D:1      | kae the Ghoul Gladiator began the quest for the Orb.
     0 | D:1      | Reached XP level 1. HP: 17/17 MP: 0/0
   202 | D:1      | Reached XP level 2. HP: 24/24 MP: 1/1
   303 | D:1      | Reached skill level 4 in Unarmed Combat
   609 | D:2      | Reached XP level 3. HP: 25/29 MP: 2/2
   633 | D:2      | Reached skill level 5 in Unarmed Combat
   698 | D:2      | Reached XP level 4. HP: 30/36 MP: 3/3
  1339 | D:3      | Found a shattered altar of Ashenzari.
  1439 | D:3      | Reached skill level 6 in Unarmed Combat
  1501 | D:3      | Reached XP level 5. HP: 32/41 MP: 4/4
  1542 | D:3      | Found a faded altar of an unknown god.
  1654 | D:3      | Reached skill level 7 in Unarmed Combat
  1969 | D:3      | Found an opulent altar of Gozag.
  1970 | D:3      | Found a glowing silver altar of Zin.
  2187 | D:4      | Found Ceczup Iguysk's Magic Scroll Emporium.
  2189 | D:4      | Found a blossoming altar of Fedhas.
  2196 | D:4      | Bought a scroll of identify for 24 gold pieces
  2370 | D:4      | Reached XP level 6. HP: 44/48 MP: 5/5
  2694 | D:5      | Entered Level 5 of the Dungeon
  2730 | D:5      | Reached skill level 8 in Unarmed Combat
  2732 | D:5      | Slain by an orc

Levels and vault maps discovered:
D:1:      minmay_arrival_hallway, layout_rooms, minmay_misc_feat_plants
D:2:      layout_basic, roderic_filled_cross
D:3:      layout_basic, lemuel_crystal_altar,
          grunt_temple_overflow_gold_and_silver, chequers_ecumenical_altar_grove
D:4:      layout_basic, kennysheep_mini_moat, serial_shops, shop,
          serial_corexii_hall, corexii_hall_statues_l, corexii_hall_statues_l,
          chequers_hall_statues_corner_a
D:5:      layout_basic, old_standard_altar, minmay_temple_entry_tees,
          first_ration, serial_shops, nicolae_shop_stone,
          kennysheep_decorative_pillar, nicolae_ashenzari_panopticon,
          uniq_sigmund

Skill      XL: |  1  2  3  4  5  6 |
---------------+-------------------+-----
Unarmed Combat | 4 5 6 7 8 |  8.0
Fighting       | |  2.1
Throwing       | |  1.7
Dodging        | |  2.6

Action                   |  1- 3 |  4- 6 || total
-------------------------+-------+-------++-------
Melee: Unarmed           |    98 |   136 ||   234
       Punch             |     2 |     1 ||     3
  Use: Scroll            |       |    11 ||    11
       Potion            |       |     1 ||     1
  Eat: Chunk             |     6 |    16 ||    22
Armor: Leather armour    |    39 |    35 ||    74
Dodge: Dodged            |    59 |   101 ||   160

Table legend:
 A = Non-vault XP
 B = Vault XP
 C = Vault XP percentage of total XP
 D = Non-vault monster count
 E = Vault monster count
 F = Vault count percentage of total count
                 A         B        C        D         E       F
            +---------+---------+-------+---------+---------+-------
      Total |     520 |       0 |   0.0 |      80 |       0 |   0.0
            +---------+---------+-------+---------+---------+-------
        D:1 |      25 |       0 |   0.0 |      19 |       0 |   0.0
        D:2 |     104 |       0 |   0.0 |      31 |       0 |   0.0
        D:3 |     173 |       0 |   0.0 |      19 |       0 |   0.0
        D:4 |      67 |       0 |   0.0 |       8 |       0 |   0.0
        D:5 |     151 |       0 |   0.0 |       3 |       0 |   0.0
            +---------+---------+-------+---------+---------+-------
